Cogmind - Beta 16 @@@ ROGUE MODE // 2025.10.23 @ 10:21:16 Player: Calliope Result: Destroyed by 1M-O4R(R) with Subdweller Beam Cannon Performance ------------- Evolutions (0) 0 Regions Visited (2) 400 Robots Destroyed (23) 115 Value Destroyed (631) 631 Prototype IDs (0) 0 Alien Tech Used (0) 0 Bonus (0) 0 TOTAL SCORE: 1146 Bonus ------- None Cogmind --------- Core Integrity 0/250 Matter 197/300 Energy 68/100 System Corruption 0% Temperature Cool (9) Movement Core (250) Ox4 Location -10/Subcaves Parts ------- > --- POWER (1) -------- (None) > --- PROPULSION (2) --- (None) > --- UTILITY (2) ------ Heat Sink Small Storage Unit > --- WEAPON (2) ------- Subdweller Laser Subdweller Laser > --- INVENTORY (8) ---- Aluminum Leg Subdweller Laser Battle Rifle Makeshift Shrapnel Gun Battle Cannon Grenade Launcher Subdweller Shrapnel Launcher Dirty Datajack (20) Peak State ------------ > --- POWER ------------ Ion Engine > --- PROPULSION ------- Aluminum Leg Aluminum Leg > --- UTILITY ---------- Heat Sink Small Storage Unit > --- WEAPON ----------- Makeshift Shrapnel Gun Subdweller Shrapnel Launcher > --- INVENTORY -------- Aluminum Leg Subdweller Laser Subdweller Laser Battle Rifle Battle Cannon Grenade Launcher [Rating: 12] Favorites ----------- Power Ion Engine Engine Ion Engine Propulsion Aluminum Leg Leg Aluminum Leg Wheel Wheel Utility Small Storage Unit Device Heat Sink Storage Small Storage Unit Weapon Medium Laser Energy Gun Medium Laser Ballistic Gun Assault Rifle Launcher Subdweller Shrapnel Launcher Build | -11 -10 -10 ------- Run | Yrd Mat Sub Slots Evolved . | . . . Power . | . . . Propulsion . | . . . Utility . | . . . Weapon . | . . . Parts Attached 24 | 5 3 16 Power 3 | . 1 2 Engine 3 | . 1 2 Core . | . . . Reactor . | . . . Propulsion 8 | 2 1 5 Treads . | . . . Leg 6 | 2 1 3 Wheel 2 | . . 2 Hover . | . . . Flight . | . . . Utility 5 | 1 1 3 Device 4 | . 1 3 Storage 1 | 1 . . Processor . | . . . Hackware . | . . . Protection . | . . . Artifact . | . . . Weapon 8 | 2 . 6 Energy Gun 4 | 2 . 2 Energy Cannon . | . . . Ballistic Gun 2 | . . 2 Ballistic Cannon . | . . . Launcher 2 | . . 2 Special Weapon . | . . . Impact Weapon . | . . . Slashing Weapon . | . . . Piercing Weapon . | . . . Special Melee Weapon . | . . . Unidentified Prototypes . | . . . Parts Lost 9 | . . 9 Power 2 | . . 2 Propulsion 5 | . . 5 Utility 1 | . . 1 Weapon 1 | . . 1 Highest Loss Streak 2 | . . 2 To Critical Strikes . | . . . Average Backups 5 | 3 7 5 Power . | 1 1 . Propulsion 1 | 1 3 1 Utility 1 | . 1 1 Weapon 2 | . 1 2 Tool/Special . | . . . Unused Backups 6 | . 4 2 Power . | . . . Propulsion 4 | . 4 . Utility . | . . . Weapon 2 | . . 2 Tool/Special . | . . . Average Slot Usage (%) 98 | . 96 98 Engine 14 | . 14 14 Leg 26 | . 28 26 Device 13 | . 11 14 Storage 14 | . 14 14 Energy Gun 18 | . 28 15 Ballistic Gun 2 | . . 3 Launcher 6 | . . 8 Peak Build Rating 12 | 5 7 12 Average Rating 8 | 3 6 8 On Entrance 4 | . 5 7 Avg Prop Armor Cover (%) . | . . . Naked Turns . | . . . Heaviest Build 23 | 9 15 23 Greatest Support 20 | 20 20 20 Greatest Overweight (x) 2 | 1 . 2 Average Overweight (x) . | . . . Largest Inventory Capacity 8 | 8 8 8 Average Capacity 7 | 6 8 8 Most Carried 8 | 7 8 8 Average Carried 6 | 3 7 6 Final Capacity 8 | 8 8 8 Final Carried 8 | 7 8 8 Class Distribution -------------------- 95% | Mutant 4% | Scavenger-Mutant Dominant Class ---------------- Mutant | -10/Materials Mutant | -10/Subcaves Resources | -11 -10 -10 ----------- Run | Yrd Mat Sub Matter Collected 634 | 162 118 354 Remotely . | . . . Salvage Created 618 | . 236 382 Parts 34 | . 11 23 Haulers Intercepted . | . . . Recyclers Shooed . | . . . Parts Field Recycled . | . . . Retrieved Matter . | . . . Parts Self-Destructed 16 | . . 16 Prevented . | . . . Parts Restored . | . . . Kills | -11 -10 -10 ------- Run | Yrd Mat Sub Combat Hostiles Destroyed 19 | . 5 14 Guns 15 | . 5 10 AOE 4 | . . 4 Classes Destroyed 5 | . 3 2 Turret 2 | . . 2 Watcher 2 | . 2 . Swarmer 7 | . 1 6 Grunt 4 | . 4 . Subdweller 8 | . . 8 Best Kill Streak 5 | . 4 5 Combat Bots Only 3 | . 3 3 Max Kills in Single Turn 2 | . 1 2 Gunslinging . | . . . Exploded 2 | . . 2 Melee . | . . . Uniques/NPCs Destroyed . | . . . Combat | -11 -10 -10 -------- Run | Yrd Mat Sub Hostile Shots Fired 122 | . 31 91 Missed 38 | . 8 30 Hits 84 | . 23 61 Projectile 84 | . 23 61 AOE 2 | . . 2 Damage Taken 1235 | . 249 986 Core 256 | . 23 233 Absorbed by Shields . | . . . Core Remaining (%) 100 | 100 . . Volleys Fired 75 | . 25 50 Largest 2 | . 2 2 Hottest 120 | . 100 120 Shots Fired 139 | . 50 89 Gun 128 | . 50 78 Cannon . | . . . Launcher 11 | . . 11 Special . | . . . Kinetic 23 | . . 23 Thermal 113 | . 50 63 Explosive 3 | . . 3 Electromagnetic . | . . . Robot Hit Streak 11 | . 5 11 Robot Miss Streak 5 | . 3 5 Penetration Max . | . . . Secondary Targets 2 | . 2 . Max Gunslinging Chain 1 | . 1 . Shots Hit Robots 82 | . 23 59 Core Hits 41 | . 13 28 Critical Kills . | . . . Critical Parts Destroyed . | . . . Critical Strikes 8 | . 4 4 Burn 8 | . 4 4 Melee Attacks . | . . . Impact . | . . . Slashing . | . . . Piercing . | . . . Sneak Attacks . | . . . Combat Hostiles . | . . . Follow-up Attacks . | . . . Damage Inflicted 1751 | . 283 1468 Guns 1144 | . 283 861 Cannons . | . . . Explosions 607 | . . 607 Melee . | . . . Ramming . | . . . Kinetic 646 | . . 646 Thermal 1039 | . 283 756 Explosive 66 | . . 66 Electromagnetic . | . . . Impact . | . . . Slashing . | . . . Piercing . | . . . Highest Corruption . | . . . Average Corruption . | . . . Corruption Purged . | . . . Corruption Blocked . | . . . Overload Shots . | . . . Overflow Damage 5 | . . 5 Projectiles . | . . . Explosions 5 | . . 5 Melee . | . . . Knockbacks . | . . . Impact . | . . . Kinetic . | . . . Secondary . | . . . Self-Inflicted Damage 14 | . . 14 Shots 1 | . . 1 Rammed . | . . . Targets Rammed . | . . . Kicked . | . . . Crushed . | . . . Highest Temperature 189 | . 189 . Average Temperature 64 | . 64 . Received Heat Transfer 390 | . 123 267 Siege Activations . | . . . Martial Activations . | . . . Shielding Activations . | . . . Robots Disrupted . | . . . Combat Hostiles . | . . . Robots Corrupted . | . . . Combat Hostiles . | . . . Parts Fried . | . . . Impact Corruptions . | . . . Robots Melted . | . . . Combat Hostiles . | . . . Parts Melted 10 | . 6 4 Heat Transferred 2869 | . 1147 1722 Parts Sabotaged . | . . . Parts Stolen . | . . . Parts Stripped . | . . . Power Chain Reactions . | . . . Alert | -11 -10 -10 ------- Run | Yrd Mat Sub Maximum Alert Level . | . . . Low Security (%) 100 | 100 100 . Level 1 . | . . . Level 2 . | . . . Level 3 . | . . . Level 4 . | . . . Level 5 . | . . . High Security . | . . . Max Security . | . . . Peak Influence 57 | . 57 . Initial . | . . . Average 12 | . 15 . Influence Increases 414 | . 124 290 Destroy 0b10 Robot/C 260 | . 100 160 Destroy 0b10 Robot/NC 10 | . 10 . Destroy Leader 24 | . 14 10 Lose Combat Pursuer 120 | . . 120 Influence Decreases 271 | . 124 147 Time Decay 221 | . 124 97 Lost Part 50 | . . 50 Squads Dispatched 1 | . 1 . Investigation 1 | . 1 . Extermination . | . . . Reinforcement . | . . . Assault . | . . . Garrison . | . . . Intercept . | . . . Searches Triggered . | . . . Construction Impeded . | . . . Haulers Reinforced . | . . . Active Scanning Responses . | . . . Cargo Convoy Interrupts . | . . . Stealth | -11 -10 -10 --------- Run | Yrd Mat Sub Distress Signals 2 | . 2 . Communications Jammed . | . . . Distress Signals . | . . . Times Spotted 28 | . 10 18 Peak Tracking Total 5 | . 5 3 Tactical Retreats 2 | . . 2 Traps | -11 -10 -10 ------- Run | Yrd Mat Sub Traps Triggered 1 | . 1 . Indirectly . | . . . Trap Hack Attempts . | . . . Triggered . | . . . Disarmed . | . . . Reprogrammed . | . . . Reused . | . . . Traps Extracted . | . . . Installed . | . . . Triggered . | . . . Machines | -11 -10 -10 ---------- Run | Yrd Mat Sub Machines Disabled 4 | . . 4 Max in Single Turn 4 | . . 4 Machines Repaired . | . . . Machines Dismantled . | . . . Machines Sabotaged . | . . . Overloaded Fab Kills . | . . . Hacking | -11 -10 -10 --------- Run | Yrd Mat Sub Machines Accessed . | . . . Terminals . | . . . Fabricators . | . . . Repair Stations . | . . . Recycling Units . | . . . Scanalyzers . | . . . Garrison Access . | . . . Total Hacks . | . . . Successful . | . . . Failed . | . . . Catastrophic . | . . . Database Lockouts . | . . . Manual . | . . . Terminals . | . . . Fabricators . | . . . Repair Stations . | . . . Recycling Units . | . . . Scanalyzers . | . . . Garrison Access . | . . . Terminal Hacks . | . . . Fabricator Hacks . | . . . Repair Station Hacks . | . . . Recycling Unit Hacks . | . . . Scanalyzer . | . . . Garrison Access Hacks . | . . . Unauthorized Hacks . | . . . Terminals . | . . . Fabricators . | . . . Repair Stations . | . . . Recycling Units . | . . . Scanalyzers . | . . . Garrison Access . | . . . Data Cores Recovered . | . . . Used . | . . . Hacking Detections . | . . . Full Trace Events . | . . . Feedback Events . | . . . Feedback Blocked . | . . . Robot Schematics Acquired . | . . . Robots Built . | . . . Authchips . | . . . Time . | . . . Total Robot Build Rating . | . . . Part Schematics Acquired . | . . . Parts Built . | . . . Authchips . | . . . Time . | . . . Total Part Build Rating . | . . . Part Studies Acquired . | . . . Parts Repaired . | . . . Time . | . . . Parts Recycled . | . . . Recycled Matter . | . . . Retrieved Matter . | . . . Retrieved Components . | . . . Parts Scanalyzed . | . . . Part Schematics Acquired . | . . . Parts Damaged . | . . . Bothacking | -11 -10 -10 ------------ Run | Yrd Mat Sub Used RIF Installer . | . . . Robots Hacked . | . . . Non-combat . | . . . Combat . | . . . Robot Hacks Applied . | . . . Relay Couplers Released . | . . . Fabnet Peak Effective % . | . . . Robots Rewired . | . . . Allies Hacked . | . . . Hacks Repelled . | . . . Allies | -11 -10 -10 -------- Run | Yrd Mat Sub Total Allies . | . . . Largest Group . | . . . Highest-Rated Group . | . . . Highest-Rated Ally . | . . . Total Orders . | . . . Ally Attacks . | . . . Total Damage . | . . . Kills . | . . . Allies Corrupted . | . . . Allies Melted . | . . . Intel | -11 -10 -10 ------- Run | Yrd Mat Sub Active Infowar (turns) 135 | . . 135 Optics 134 | . . 134 ECM 1 | . . 1 Robot Analysis Total . | . . . Derelict Logs Recovered 1 | . . 1 Drone Launches . | . . . Drone Recoveries . | . . . Exploration | -11 -10 -10 ------------- Run | Yrd Mat Sub Turns Passed 2113 | 91 408 1614 Spaces Moved 1200 | 70 180 950 Core 18 | 18 . . Treads . | . . . Legs 1155 | 52 180 923 Wheels 27 | . . 27 Hover . | . . . Flight . | . . . Fastest Speed 50 | 50 120 80 Average Speed 133 | 107 120 138 Slowest Speed 260 | 120 120 260 Overloaded Moves . | . . . Propulsion Burnouts . | . . . Robots Hopped . | . . . Potential Cave-ins . | . . . Cave-ins Triggered . | . . . Exploration Rate (%) 26 | 4 27 49 Regions Visited 2 Branch Regions 1 Pre-discovered Areas 1 | . . 1 Known Exits Taken . | . . . Unknown Exits Taken 2 | 1 1 . Scrap Searched 6 | . . 6 Spaces Dug . | . . . Terrain Destroyed 110 | . . 110 Melee . | . . . Projectile . | . . . AOE 110 | . . 110 Terrain Rammed . | . . . Walls Destroyed . | . . . Machines Disabled . | . . . Actions | -11 -10 -10 --------- Run | Yrd Mat Sub Total 1568 | 85 324 1159 Wait 212 | . 104 108 Move 1198 | 69 179 950 Hop . | . . . Pick Up 32 | 11 8 13 Fast Attach 4 | 1 . 3 Attach 14 | 4 2 8 Detach 3 | . . 3 Swap 15 | . 1 14 Drop 15 | . 5 10 Fire 75 | . 25 50 Melee . | . . . Ram . | . . . Kick . | . . . Crush . | . . . Escape Stasis . | . . . Rewire . | . . . Trap . | . . . Miscellaneous . | . . . Route ------- -11/Scrapyard -10/Materials (discovered 2 exits: [*Mat] / [*Sub]) -10/Subcaves (discovered 1 exit: [*Rec]) History --------- Turn | Location | Event 14 | -11/Scrapyard | Discovered new exit (range 16) 92 | -11/Scrapyard | Entered Materials 315 | -10/Materials | Build established: Mutant 342 | -10/Materials | Discovered new exit (range 16) 479 | -10/Materials | Discovered new exit (range 9) 500 | -10/Materials | Entered Subcaves 898 | -10/Subcaves | Ambushed by Subdweller buried in earth 1836 | -10/Subcaves | Learned location of Mines (-10) 1844 | -10/Subcaves | A swath of the cavern ceiling suddenly collapsed 2001 | -10/Subcaves | Discovered new exit (range 14) 2074 | -10/Subcaves | Core integrity fell below 50% 2104 | -10/Subcaves | Ambushed by Subdwellers from Twisted Machinery 2111 | -10/Subcaves | Core integrity fell below 20% 2114 | -10/Subcaves | Destroyed by 1M-O4R(R) with Subdweller Beam Cannon Last Messages --------------- 02008_ Destroyed Autobeam. 02010_ Autobeam Turret destroyed. 02049_ Acquired 11 matter. 02052_ VM-UHH(R): "ECOKILL!" 02053_ Acquired Wheel. 02054_ Acquired 24 matter. 02057_ Acquired Wheel. 02071_ Subatomizers dissect the Multitool. 02071_ Wheel destroyed. 02081_ Sub. Optics melted. 02081_ VM-UHH(R) destroyed. 02084_ Subatomizers dissect the Multitool. 02086_ Acquired 39 matter. 02088_ Acquired Dirty Datajack. 02090_ Acquired Sub. Laser. 02093_ Acquired 13 matter. 02104_ 1M-O4R(R) emerges from the Twisted Machinery. 02111_ Ion Engine destroyed. 02114_ Wheel destroyed. Map ----- +----------------------------------------------------+ | #?##% #?## ????????????????????? | | "##??## ## ##?# ????????????????????? | | ##????##% ### ##?## ???????? ????????????? | | ???????# ## ##?## ??????## ????????????? | | #####??# ## ##?## ??###?# ???????????? | | """"##?## #? #??# ??# ## ???????????? | | "#### #?##??# #??? ????????????? | | " "% ##????# #### #?????????????? | | #????# ## #?????????????? | | ###### ##????????????? | | ## ## #????????????? | | ????????????? | | | ## ##???????????????????? | | """ #### ## ! ##????????????????????? | | # # ##??##### | #?????????????????????? | | "###### ###???????# *& #?????????????????????? | | ###?????####?????????## # #?????????????????????? | | #?????????????????????## ##????????????????????? | | ###????????????????????## ###??????????????????? | | #????????????????????## # ###????????????????? | | ##????????????????????# #????????????????? | | ##?????????????????????# ## #???????????????? | | ??#????????????????????## "#?#####???????????????? | | #?????????????????????# "#?????????????????????? | | #?????????????????????# "#?????????????????????? | | #??????????????????????#@ #?????????????????????? | | ##????????????????????#; #????????????????????? | | #????????????????????##RR #???????????????????? | | #?????????????????????# "###???????????????????? | | #????????????????????? "#?????????????????????? | | #?????????????????????? "?????????????????????? | | ##????????????????????? ?????????????????????? | | ##????????????????????# ????????????????????? | | ##???????????????????# ????????????????????? | | #???????????????????? ????????????????????? | | ###????????????????????? ##????????????????????? | | #???????????????????????? ##?????????????????????? | | ##???????????????????????#???????????????????????? | | ##??????????????????????????????????????????????? | | #??##??????????????????????????????????????????? | | #### #??????????????????????????????????????????? | | # #??????????????????????????????????????????? | | #??????????????????????????????????????????? | | ## #??????????????????????????????????????????? | | ## #??????????????????????????????????????????? | | ### #??????????????????????????????????????????? | | # ##??????????????????????????????????????????? | | #???????????????????????????????????????????? | | ##???????????????????????????????????????????? | | ###????????????????????????????????????????????? | +----------------------------------------------------+ Best States ------------- Heat Dissipation 35 Energy Generation 15 Energy Capacity 250 Matter Stores 300 Matter Capacity 300 Sight Range 21 Terrain Scan Density 10 ECM Strength 1 Evasion (%) 55 Item Schematics ----------------- None Robot Schematics ------------------ None Fabricated ------------ Nothing Repaired ---------- Nothing Studied --------- None Alien Tech Used ----------------- None Achievements -------------- Do Not Disturb Spot Them First Challenges ------------ None Game ------ Seed MicrowarpBiometalField Manual? 0 Play Time 00:20:13 Cumulative 25.7 hours Start 2025.10.23 @ 09:59:30 End 2025.10.23 @ 10:21:16 Sessions 1 Manual Loads 0 Difficulty Rogue Special Mode None Game No. 48 Rogue 46 Adventurer 0 Explorer 2 Win Type - Total 0 Types 0/0/0/0/0/0/0/0/0/0 Lore% 12 Gallery% 24 Achievement% 16 Wizard Run 0 Options --------- Layout 2 ASCII 0 Keyboard 0 Movement Mouse Keybinds 0 Fullscreen 2 Font 32/SmallcapsGlow Map View 50x44 Zoom Use 0% Tactical HUD 1 Map Filters NONE Filters NONE Steam 1 RUN: c3fd8b4c-04ac-4694-a905-a800fa930e37